 Dungeon Crawl Stone Soup version 0.14.0-12-g87ee3b7 (webtiles) character file.

157 MDvedh the Cutter (level 4, -6/42 HPs)
             Began as a Kobold Berserker on Apr 17, 2014.
             Was a Believer of Trog.
             Killed from afar by Terence (13 damage)
             ... with a wand of flame
             ... on Level 2 of the Dungeon.
             The game lasted 00:01:41 (2016 turns).

MDvedh the Cutter (Kobold Berserker)                Turns: 2016, Time: 00:01:41

HP  -6/42        AC  2     Str 21      XL: 4   Next: 77%
MP   4/4         EV 15     Int  5      God: Trog [**....]
Gold 71          SH  0     Dex 15      Spells:  0 memorised,  3 levels left

rFire  . . .     SeeInvis .     a - +0 short sword
rCold  . . .     Clarity  .     b - +0 animal skin
rNeg   . . .     Conserve .     (no shield)
rPois  .         rCorr    .     (no helmet)
rElec  .         rRot     .     (no cloak)
SustAb . .       Spirit   .     (no gloves)
rMut   .         Warding  .     (no boots)
Saprov + + .     Stasis   .     (no amulet)
MR     .....                    (no ring)
                                (no ring)

@: berserking, very quick, not resistant to hostile enchantments, extremely
unstealthy
A: disease resistance, carnivore 3, saprovore 2
a: Burn Spellbooks, Berserk, Trog's Hand, Renounce Religion


You were on level 2 of the Dungeon.
You worshipped Trog.
Trog was pleased with you.
You were very full.

You visited 1 branch of the dungeon, and saw 2 of its levels.

You collected 71 gold pieces.

Inventory:

Hand weapons
 a - a +0,+0 short sword (weapon)
Armour
 b - a +0 animal skin (worn)
Magical devices
 i - a wand of flame (10)
Comestibles
 c - 2 meat rations
Scrolls
 g - 2 scrolls of teleportation {unknown}
 h - 2 scrolls of identify {unknown}
 k - 2 scrolls of enchant weapon II {unknown}
 m - a scroll of remove curse {unknown}
Jewellery
 d - an uncursed ring of see invisible {unknown}
 f - an uncursed ring of magical power {unknown}
Potions
 e - a potion of cure mutation {unknown}
 j - a potion of agility {unknown}
 l - 2 potions of decay {unknown}


   Skills:
 - Level 3.2 Fighting
 + Level 6.8 Short Blades
 - Level 1.5 Armour
 - Level 2.4 Dodging


You had 3 spell levels left.
You didn't know any spells.

Dungeon Overview and Level Annotations

Branches:
Dungeon (2/15)

Altars:

Annotations:
D:2 Terence


Innate Abilities, Weirdness & Mutations

You recuperate from illness quickly.
You are small and have problems with some larger weapons.
You are carnivorous and can eat meat at any time.
You can eat rotten meat.


Message History

Terence is nearby!
Terence zaps a wand.
The puff of flame hits you! Terence hits you with a short sword.
You closely miss Terence. You hit Terence.
Terence is moderately wounded.
Terence screams, "I'm going to kill you!"
Terence barely misses you.
You closely miss Terence.
Terence is moderately wounded.
Terence zaps a wand.
The puff of flame hits you!
* * * LOW HITPOINT WARNING * * *
You are too injured to fight recklessly!
You are too injured to fight recklessly!
You are too injured to fight recklessly!
Use which ability? (? or * to list)
A red film seems to cover your vision as you go berserk!
You feel yourself moving faster!
You feel mighty!
You feel somewhat less full.
Terence zaps a wand.
The puff of flame hits you!
You die...

#.########## #.# #
#.# #
#######.##########
####.................
#..........######....
.##.......# #....
#.#####.# ####....
#@# #.# #.....<.
#...@# #.# #.......
#....# #.# #.......
#....# #.. ###.....
#..#.. ... .......
#..#.. . ........
#..... ##.#...
##.#..# #..... #..
...


You could see Terence.

Vanquished Creatures
  5 adders (D:2)
  A giant mite (D:2)
  5 bats
  3 giant cockroaches (D:1)
  2 hobgoblins
  3 jackals (D:2)
  6 kobolds
  A quokka (D:2)
  A ball python (D:2)
  A giant newt (D:1)
  3 goblins
  6 rats
37 creatures vanquished.

Notes
Turn   | Place    | Note
--------------------------------------------------------------
     0 | D:1      | MDvedh, the Kobold Berserker, began the quest for the Orb.
     0 | D:1      | Reached XP level 1. HP: 14/14 MP: 1/1
    81 | D:1      | Reached XP level 2. HP: 17/19 MP: 2/2
   463 | D:1      | Reached skill level 5 in Short Blades
  1069 | D:2      | Reached XP level 3. HP: 13/23 MP: 3/3
  1472 | D:2      | Acquired Trog's second power
  1489 | D:2      | Reached skill level 6 in Short Blades
  1489 | D:2      | Reached XP level 4. HP: 24/28 MP: 4/4
  2010 | D:2      | Noticed Terence
  2016 | D:2      | Killed from afar by Terence

Action                   |  1- 3 |  4- 6 || total
-------------------------+-------+-------++-------
Melee: Short sword       |   118 |    58 ||   176
Invok: Berserk           |       |     1 ||     1
 Stab: Sleeping          |     3 |     1 ||     4
